 Dungeon Crawl Stone Soup version 0.31-a0-95-g6fa058ef04 (webtiles) character file.

Game seed: 8352332056847462477

1192 NateTC the Magician (level 8, -6/55 HPs)
             Began as a Djinni Ice Elementalist on May 26, 2023.
             Was an Elder of Lugonu.
             Mangled by a wight
             ... wielding a +4 flail
              (7 damage)
             ... on level 6 of the Dungeon.
             The game lasted 00:11:30 (5118 turns).

NateTC the Magician (Djinni Ice Elementalist)       Turns: 5118, Time: 00:11:30

Health: -6/55      AC: 15    Str:  7    XL:     8   Next: 71%
Gold:   326        EV: 12    Int: 19    God:    Lugonu [****..] SH:  0 Dex: 14

rFire   + + .        (no weapon)
rCold   + . .        (no shield)
rNeg    . . .        a - +1 robe
rPois   ∞            f - +2 helmet
rElec   .            e - scarf {rC+ rF+}
rCorr   .            (no gloves)
SInv    .            (boots unavailable)
Will    .....        (no amulet)
Stlth   ++           j - ring of ice
HPRegen 0.29/turn    (no ring)
MPRegen 0.00/turn

%: infuse magic (-7 HP)
@: ice-armoured, about to teleport, freezing walls, flying
A: sickness immunity, fire resistance 2, cold vulnerability 1, float, innate
caster, HP casting, extra vitality 1
a: Renounce Religion, Depart the Abyss, Banish, Corrupt


You were on level 6 of the Dungeon.
You worshipped Lugonu.
Lugonu was greatly pleased with you.
You visited 1 branch of the dungeon, and saw 6 of its levels.

You collected 326 gold pieces.

Inventory:

Hand Weapons
 m - a +0 dagger of holy wrath
 q - a +4 dagger of speed
Missiles
 n - a throwing net
Armour
 a - a +1 robe (worn)
 e - a scarf of resistance (worn)
 f - a +2 helmet (worn)
Jewellery
 j - a ring of ice (left hand)
Wands
 g - a wand of digging (7)
 r - a wand of polymorph (7)
Scrolls
 k - 2 scrolls of enchant weapon
 l - a scroll of teleportation
Potions
 b - a potion of degeneration {unknown}
 c - a potion of curing {unknown}
 h - 2 potions of enlightenment {unknown}
 i - a potion of brilliance {unknown}
 s - a potion of mutation {unknown}
Miscellaneous
 p - a phial of floods


   Skills:
 * Level 2.7 Fighting
 - Level 2.1 Dodging
 - Level 1.5 Stealth
 - Level 7.8 Spellcasting
 - Level 7.8 Conjurations
 - Level 7.8 Hexes
 - Level 7.8 Summonings
 - Level 7.8 Necromancy
 - Level 7.8 Translocations
 - Level 7.8 Transmutations
 - Level 7.8 Fire Magic
 - Level 7.8 Ice Magic
 - Level 7.8 Air Magic
 - Level 7.8 Earth Magic
 - Level 7.8 Poison Magic


You knew the following spells:

 Your Spells              Type           Power      Damage    Failure   Level
a - Freeze                Ice            100%       1d10      1%          1
b - Frozen Ramparts       Ice            100%       1d16      1%          3
c - Ozocubu's Armour      Ice            54%        N/A       1%          3
d - Summon Ice Beast      Ice/Summ       50%        N/A       5%          4
e - Sandblast             Erth           74%        2d16      1%          1
f - Scorch                Fire           74%        2d8       1%          2
g - Swiftness             Air            37%        N/A       1%          3
Your spell library was empty.

Dungeon Overview and Level Annotations

Branches:
Dungeon (6/15) Zot: 26986
 Temple: D:4-7

Altars:
Lugonu

Annotations:
D:4 2 transporters, frimble's ghost, amateur OpWr


Innate Abilities, Weirdness & Mutations

You are immune to sickness and miasma.
You are immune to poison.
Your flesh is very heat resistant. (rF++)
You are vulnerable to cold. (rC-)
You float through the air rather than walking.
You learn spells naturally, not from books.
Your magical power is your life essence.
You have superior vitality. (+4 MHP)


Message History

The water moccasin completely misses you.
Your ice beast completely misses the wight.
The wight resists.
The wall freezes the wight.
The wight hits you but does no damage.
The wight completely resists.
The wall freezes the wight but does no damage.
The wight hits you with a +2 vampiric long sword.
The wight hits you but does no damage. The water moccasin barely misses you.
Casting: Sandblast (safe; 1% risk of failure)
Confirm with . or Enter, or press ? or * to list all spells.
Aiming: Sandblast (safe; 1% risk of failure)
Press: ? - help, Shift-Dir - straight line, f - water moccasin, p - wight
Aim: a water moccasin (73% to hit)
The blast of sand hits the water moccasin!
The water moccasin is moderately wounded.
The water moccasin bites you.
* * * LOW HITPOINT WARNING * * *
The wight completely resists.
The wall freezes the wight but does no damage.
The wight barely misses you.
Your ice beast hits the wight but does no damage.
The wight closely misses you.
The wight resists.
The wall freezes the wight.
The wight misses you. The water moccasin barely misses you.
The wall freezes the wight but does no damage.
The wight barely misses you.
Your ice beast barely misses the wight.
The wight resists.
The wall freezes the wight.
The wight hits you but does no damage. The wight hits you with a +4 flail!
* * * LOW HITPOINT WARNING * * *
Okay, then.
Okay, then.
Okay, then.
As you read the scroll of teleportation, it crumbles to dust.
You feel strangely unstable. The water moccasin bites you.
* * * LOW HITPOINT WARNING * * *
The wight resists.
The wall freezes the wight.
The wight hits you but does no damage.
The wall freezes the wight but does no damage.
The wight hits you but does no damage.
Your ice beast hits the wight.
Your ice beast freezes the wight.
The wight resists.
The wight hits you with a +4 flail!
You die...

## .# z#
####)#.#.#
#..@z....#
#.SYz..#...
.........#
....!......#
###.#........
#.#.####.###
. #. .. . ..
##.


You could see a water moccasin, 3 wights and a friendly ice beast (summoned).

Vanquished Creatures
  2 ogres (D:5)
  A centaur (D:5)
  Blork the orc (D:4)
  A wight (D:6)
  A jelly (D:4)
  2 orc priests (D:4)
  2 hounds (D:5)
  2 iguanas (D:5)
  4 orc wizards
  8 gnolls
  6 adders
  2 ufetubi
  2 worms (D:4)
  4 dart slugs
  16 orcs
  5 ball pythons
  11 endoplasms
  A giant cockroach (D:1)
  6 goblins
  4 hobgoblins
  7 jackals (D:2)
  4 quokkas
  9 bats
  6 frilled lizards
  10 kobolds
  11 rats
128 creatures vanquished.

Vanquished Creatures (collateral kills)
  An ogre (D:5)
  A kobold brigand (D:5)
  The ghost of greynaab the Changer, a weakling FeTm (D:5)
  Ijyb (D:5)
  2 worms (D:4)
  3 kobolds (D:5)
9 creatures vanquished.

Grand Total: 137 creatures vanquished

Notes
Turn   | Place    | Note
-------+----------+-------------------------------------------
     0 | D:1      | NateTC the Djinni Ice Elementalist began the quest for the
                  | Orb.
     0 | D:1      | NateTC set off with the following spells memorised: Freeze,
                  | Frozen Ramparts, Ozocubu's Armour, Summon Ice Beast.
     0 | D:1      | Reached XP level 1. HP: 15/15 MP: 0/0
    90 | D:1      | Reached XP level 2. HP: 3/21 MP: 0/0
   255 | D:1      | Found a faded altar of an unknown god.
   269 | D:1      | Prayed at the altar of an unknown god.
   269 | D:1      | Became a worshipper of Lugonu the Unformed
   269 | D:1      | Reached * piety under Lugonu
   394 | D:1      | Reached XP level 3. HP: 16/25 MP: 0/0
   394 | D:1      | Learned a level 1 spell: Sandblast
   516 | D:1      | Reached ** piety under Lugonu
  1048 | D:2      | Reached XP level 4. HP: 20/31 MP: 0/0
  1064 | D:2      | HP: 1/31 [frozen (7)]
  1771 | D:3      | Reached XP level 5. HP: 34/35 MP: 0/0
  1771 | D:3      | Learned a level 2 spell: Scorch
  2188 | D:4      | Reached skill level 5 in Spellcasting
  2188 | D:4      | Reached skill level 5 in Conjurations
  2188 | D:4      | Reached skill level 5 in Hexes
  2188 | D:4      | Reached skill level 5 in Summonings
  2188 | D:4      | Reached skill level 5 in Necromancy
  2188 | D:4      | Reached skill level 5 in Translocations
  2188 | D:4      | Reached skill level 5 in Transmutations
  2188 | D:4      | Reached skill level 5 in Fire Magic
  2188 | D:4      | Reached skill level 5 in Ice Magic
  2188 | D:4      | Reached skill level 5 in Air Magic
  2188 | D:4      | Reached skill level 5 in Earth Magic
  2188 | D:4      | Reached skill level 5 in Poison Magic
  2196 | D:4      | Reached *** piety under Lugonu
  2199 | D:4      | Reached XP level 6. HP: 2/40 MP: 0/0
  2439 | D:4      | Found a transporter.
  2452 | D:4      | Noticed frimble's ghost (amateur OpWr)
  2454 | D:4      | Found a transporter.
  2786 | D:4      | Noticed Blork the orc
  2792 | D:4      | Killed Blork the orc
  2911 | D:4      | Reached XP level 7. HP: 35/45 MP: 0/0
  2911 | D:4      | Learned a level 3 spell: Swiftness
  3391 | D:5      | Entered Level 5 of the Dungeon
  3395 | D:5      | Found a runed translucent gate.
  3396 | D:5      | Found a runed translucent gate.
  3396 | D:5      | Found a runed translucent gate.
  3396 | D:5      | Noticed greynaab's ghost (weakling FeTm)
  3712 | D:5      | Noticed Ijyb
  3721 | D:5      | Killed Ijyb
  4260 | D:5      | Reached XP level 8. HP: 47/50 MP: 0/0
  4420 | D:5      | Reached **** piety under Lugonu
  5046 | D:5      | Killed greynaab's ghost
  5047 | D:5      | Reached skill level 1 in Fighting
  5117 | D:6      | HP: 2/55 [wight/+4 flail (9)]
  5118 | D:6      | Mangled by a wight

Illustrated notes

Levels and vault maps discovered:
D:1:      dpeg_arrival_arbitrary_b, layout_rooms,
          dreamdust_ecumenical_altar_angels_and_demons, minmay_fountain_box,
          minmay_cupped
D:2:      layout_basic
D:3:      layout_loops_ring, moated_statue
D:4:      layout_basic, gammafunk_ghost_mausoleum, nicolae_wormholes,
          uniq_blork_the_orc
D:5:      minmay_recursive_quarters, layout_basic,
          gammafunk_ghost_nasty_kobolds, uniq_ijyb
D:6:      layout_basic, nicolae_shop_firing_range

Skill      XL: |  1  2  3  4  5  6  7  8 |
---------------+-------------------------+-----
Spellcasting   | 4 5 6 7 |  7.8
Conjurations   | 4 5 6 7 |  7.8
Hexes          | 4 5 6 7 |  7.8
Summonings     | 4 5 6 7 |  7.8
Necromancy     | 4 5 6 7 |  7.8
Translocations | 4 5 6 7 |  7.8
Transmutations | 4 5 6 7 |  7.8
Fire Magic     | 4 5 6 7 |  7.8
Ice Magic      | 4 5 6 7 |  7.8
Air Magic      | 4 5 6 7 |  7.8
Earth Magic    | 4 5 6 7 |  7.8
Poison Magic   | 4 5 6 7 |  7.8
Fighting       | 2 |  2.7
Dodging        | |  2.1
Stealth        | |  1.5

Action                     |  1- 3 |  4- 6 |  7- 9 || total
---------------------------+-------+-------+-------++-------
  Melee: Unarmed           |     9 |     2 |       ||    11
   Cast: Freeze            |    55 |    44 |     7 ||   106
         Frozen Ramparts   |       |     6 |    10 ||    16
         Ozocubu's Armour  |       |     2 |     3 ||     5
         Scorch            |       |    33 |    39 ||    72
         Summon Ice Beast  |       |     2 |     7 ||     9
         Sandblast         |       |       |     4 ||     4
    Use: Scroll            |     4 |     3 |     4 ||    11
         Potion            |       |       |     1 ||     1
 Armour: Robe              |    16 |    11 |    16 ||    43
  Dodge: Dodged            |    36 |    29 |    36 ||   101

Table legend: (Time is in decaauts)
 A = Elapsed time spent in this place.
 B = Non-inter-level travel time spent in this place.
 C = Inter-level travel time spent in this place.
 D = Time resting spent in this place.
 E = Time spent auto-exploring this place.
 F = Levels seen in this place.
 G = Mean time per level.
                   A        B        C        D        E       F      G
               +--------+--------+--------+--------+--------+-----+--------+
         Total |   5118 |   4922 |    196 |   1289 |   2629 |   6 |  853.0 |
       Dungeon |   5118 |   4922 |    196 |   1289 |   2629 |   6 |  853.0 |
               +--------+--------+--------+--------+--------+-----+--------+

Top non-repeatable levels by time:
     D:5: 1715 daAuts
     D:4: 1278 daAuts
     D:1: 925 daAuts
     D:3: 647 daAuts
     D:2: 538 daAuts
     D:6: 12 daAuts
